Map: Ultralove

Players

VelociRAPTOR

  • Race: Protoss Protoss
  • League: Silver
  • Spawn Location: 1:00

ManlyManMeat - Winner!

  • Race: Protoss Protoss
  • Spawn Location: 7:00

VOD

Have the link to the VOD?

Description

Time

  • Played on: May 15, 2025, 5:29 p.m.
  • Length: 14:51
Show
View Real Time Build Order
Export as new Build Order

VelociRAPTOR Protoss 

Build Orders: Carriers 

Get SALT Encoding   

  12  0:02  Probe  
  14  0:14  Probe  
  14  0:26  Probe  
  15  0:40  Pylon  
  15  0:44  Pylon  
  15  0:58  Probe  
  15  1:00  Forge  
  16  1:08  Probe  
  17  1:16  Probe  
  17  1:25  Pylon, Probe  
  18  1:32  Pylon  
  19  1:36  Probe  
  20  1:44  Probe  
  20  1:50  Photon Cannon  
  20  1:52  Probe  
  21  1:57  Photon Cannon  
  21  2:00  Photon Cannon  
  22  2:03  Probe  
  23  2:21  Photon Cannon  
  23  2:22  Probe  
  24  2:30  Probe  
  25  2:40  Probe  
  26  2:47  Nexus  
  26  2:52  Probe  
  26  2:54  Pylon  
  27  3:02  Pylon  
  27  3:04  Probe  
  28  3:10  Assimilator  
  28  3:14  Assimilator  
  28  3:18  Photon Cannon  
  28  3:28  Photon Cannon  
  28  3:41  Photon Cannon  
  28  3:44  Photon Cannon  
  27  4:10  Photon Cannon  
  27  4:25  Pylon  
  27  4:30  Gateway  
  27  4:36  Protoss Ground Weapons Level 1  
  27  4:37  Photon Cannon  
  27  4:43  Photon Cannon  
  27  4:45  Probe  
  27  4:46  Probe  
  29  4:53  Probe  
  29  4:58  Probe  
  31  5:03  Probe  
  32  5:12  Probe  
  32  5:13  Probe  
  33  5:20  Probe  
  34  5:22  Probe  
  36  5:29  Probe  
  36  5:30  Probe  
  38  5:39  Probe  
  38  5:41  Probe  
  40  5:44  Cybernetics Core  
  40  5:46  Cybernetics Core  
  40  5:51  Pylon, Probe  
  40  5:53  Pylon  
  40  5:54  Probe  
  42  5:58  Pylon  
  42  6:03  Probe  
  43  6:06  Probe, Photon Cannon  
  44  6:15  Assimilator  
  44  6:18  Assimilator  
  44  6:25  Photon Cannon  
  44  6:28  Photon Cannon  
  44  6:30  Photon Cannon  
  44  6:33  Photon Cannon  
  44  6:34  Photon Cannon  
  44  6:39  Photon Cannon  
  44  6:51  Photon Cannon  
  44  6:54  Photon Cannon  
  44  6:57  Shield Battery  
  44  6:59  Pylon  
  44  7:05  Shield Battery  
  44  7:06  Photon Cannon  
  44  7:25  Stargate  
  44  7:29  Stargate  
  44  7:32  Stargate  
  44  7:37  Stargate  
  44  7:41  Stargate  
  44  7:47  Photon Cannon  
  44  8:04  Protoss Air Weapons Level 1, Protoss Air Armor Level 1  
  44  8:23  Photon Cannon x2  
  44  8:27  Shield Battery  
  44  8:37  Fleet Beacon  
  44  9:24  Nexus  
  44  9:31  Nexus  
  44  9:39  Carrier x4  
  44  9:42  Carrier  
  74  9:53  Photon Cannon  
  74  9:57  Photon Cannon  
  74  10:04  Photon Cannon  
  74  10:09  Photon Cannon  
  74  10:29  Protoss Air Weapons Level 2  
  74  10:30  Protoss Air Armor Level 2  
  74  10:40  Carrier  
  68  11:20  Carrier  
  68  11:21  Carrier  
  68  11:25  Probe  
  79  11:34  Probe  
  79  11:37  Probe  
  80  11:46  Probe  
  78  11:47  Carrier  
  78  11:49  Probe  
  85  11:58  Probe  
  82  12:05  Probe  
  83  12:10  Probe  
  83  12:17  Probe  
  83  12:22  Probe  
  85  12:29  Probe  
  81  12:34  Probe  
  79  12:41  Probe, Carrier  
  84  12:46  Probe  
  85  12:51  Photon Cannon  
  85  12:53  Probe  
  86  12:58  Probe  
  57  13:32  Carrier  
  63  13:49  Assimilator  
  63  13:50  Assimilator  
  63  13:52  Probe  
  64  13:58  Assimilator  
  64  13:59  Probe  
  64  14:02  Assimilator  
  65  14:05  Probe  
  65  14:07  Probe  
  66  14:16  Probe  
  65  14:17  Probe  
  60  14:28  Probe  
  60  14:29  Probe  
  67  14:42  Pylon  
Show
View Real Time Build Order
Export as new Build Order

ManlyManMeat Protoss - Winner!

Build Orders:  

Get SALT Encoding   

  12  0:00  Probe  
  13  0:12  Probe  
  14  0:19  Pylon  
  14  0:30  Probe  
  15  0:52  Gateway  
  15  0:53  Assimilator  
  15  1:09  Probe  
  16  1:17  Probe  
  16  1:21  Pylon  
  16  1:23  Assimilator  
  17  1:41  Gateway  
  17  1:43  Cybernetics Core  
  17  1:45  Gateway  
  17  1:48  Zealot  
  19  1:54  Probe  
  20  2:06  Probe  
  21  2:13  Warp Gate  
  21  2:25  Stalker  
  23  2:30  Stalker  
  23  2:32  Pylon  
  25  2:51  Shield Battery  
  25  2:53  Probe  
  25  2:57  Stalker  
  25  2:58  Stalker  
  30  3:16  Stalker, Zealot  
  32  3:28  Probe  
  32  3:29  Stalker  
  37  3:40  Probe  
  36  3:52  Probe  
  33  4:02  Zealot  
  31  4:22  Nexus  
  29  4:37  Stalker x3  
  35  5:05  Stalker x2  
  35  5:06  Twilight Council  
  39  5:19  Blink  
  39  5:21  Pylon  
  39  5:31  Stargate  
  39  5:32  Robotics Facility  
  39  5:54  Probe x2  
  39  6:02  Probe x2  
  41  6:09  Stalker  
  41  6:10  Stalker  
  47  6:50  Probe  
  47  6:51  Probe  
  49  6:56  Stalker x3  
  55  7:03  Probe x2  
  57  7:12  Gateway  
  57  7:14  Gateway  
  57  7:15  Probe x2  
  59  7:21  Stalker  
  61  7:27  Probe  
  62  7:35  Pylon  
  62  7:36  Pylon  
  62  7:53  Probe x2  
  56  8:06  Probe  
  56  8:12  Probe  
  40  8:18  Nexus  
  40  8:24  Fleet Beacon, Probe  
  41  8:33  Stargate  
  41  8:36  Probe  
  41  8:39  Assimilator x2  
  42  8:44  Protoss Air Weapons Level 1  
  42  9:06  Tempest x2  
  42  9:14  Nexus  
  50  9:34  Probe  
  51  9:39  Tempest  
  51  9:40  Pylon, Tempest  
  51  9:42  Probe  
  51  9:45  Assimilator  
  51  9:49  Assimilator  
  51  9:52  Probe  
  61  10:00  Observer  
  61  10:06  Probe  
  63  10:14  Stalker x2  
  65  10:18  Probe, Tempest x2  
  76  10:47  Probe  
  77  10:53  Stalker x2  
  77  10:54  Stalker x3  
  87  10:59  Probe  
  88  11:08  Tempest x2  
  96  11:46  Tempest  
  96  11:47  Tempest  
  96  11:50  Pylon  
  104  11:58  Pylon  
  104  12:21  Stalker x4  
  108  12:29  Tempest  
  108  12:31  Tempest  
  108  12:35  Pylon  
  108  12:36  Pylon  
  116  12:39  Observer, Probe  
  116  12:43  Probe x2  
  120  12:47  Probe  
  121  12:55  Probe x2  
  121  12:56  Probe  
  120  13:08  Probe  
  120  13:09  Tempest  
  107  13:20  Probe  
  107  13:21  Tempest  
  92  13:31  Stalker  
  92  13:32  Stalker x4  
  106  13:45  Tempest  
  110  13:59  Zealot  
  112  14:03  Tempest  
  103  14:45  Zealot  
  103  14:46  Zealot x4  
Tags
 
Composition
Carriers
League
Silver
Matchup
PvP
Replay Pack
Multiplayer
Spawn Locations
Cross Positions
Add a new tag
Caveats
  • Supply blocks, unpowered buildings, or Contaminate may cause inaccurate times.
  • Supply counts are checked every 10 seconds.